 Dungeon Crawl Stone Soup version 0.29.1-15-g9cfb28693d (webtiles) character file.

Game seed: 17062247474403171393

336 Draugr the Sneak (level 6, 0/35 HPs)
             Began as a Vampire Enchanter on Mar 9, 2023.
             Was an Initiate of Sif Muna.
             Slain by Edmund
             ... wielding a +1 flail of holy wrath
              (6 damage)
             ... on level 4 of the Dungeon.
             The game lasted 00:17:54 (4622 turns).

Draugr the Sneak (Vampire Enchanter)                Turns: 4622, Time: 00:17:55

Health: 0/35       AC:  5    Str: 14    XL:     6   Next: 28%
Magic:  15/18      EV: 13    Int: 19    God:    Sif Muna [......]
Gold:   211        SH:  0    Dex: 15    Spells: 4/9 levels left

rFire   . . .      SeeInvis +   p - +0 short sword "Beetlebane" {freeze, MP+9 Str+7 Stlth-}
rCold   + + .      Faith    .   (no shield)
rNeg    + + +      Spirit   .   b - +0 robe
rPois   ∞          Reflect  .   (no helmet)
rElec   .          Harm     .   (no cloak)
rCorr   .          Rampage  .   o - +2 pair of gloves {infuse}
Will    .....                   (no boots)
Stlth   ++++......              (no amulet)
HPRegen 0.00/turn               (no ring)
MPRegen 0.16/turn               (no ring)

@: bloodless, inhibited regen
A: bloodless, fangs 3, see invisible, vampiric 2
a: Bat Form, Revivify, Renounce Religion


You were on level 4 of the Dungeon.
You worshipped Sif Muna.
Sif Muna was noncommittal.
You visited 1 branch of the dungeon, and saw 4 of its levels.

You collected 211 gold pieces.

Inventory:

Hand Weapons
 a - a +1 dagger
 p - the +0 short sword "Beetlebane" (weapon) {freeze, MP+9 Str+7 Stlth-}
   (You found it on level 2 of the Dungeon)

   It freezes those it strikes, dealing additional cold damage.
   It can also slow down cold-blooded creatures.
   Str:       It affects your strength (+7).
   MP:        It affects your magic capacity (+9).
   Stlth:     It makes you less stealthy.
Armour
 b - a +0 robe (worn)
 o - a +2 pair of gloves of infusion (worn)
Jewellery
 j - a ring of poison resistance
Scrolls
 d - a scroll of immolation
 e - a scroll of noise {unknown}
 k - a scroll of silence {unknown}
 n - a scroll of teleportation {unknown}
 q - a scroll of fear {unknown}
 s - a scroll of blinking {unknown}
 u - a scroll of amnesia {unknown}
 v - 2 scrolls of magic mapping
Potions
 c - 2 potions of lignification {unknown}
 f - 7 potions of curing
 i - 2 potions of heal wounds {unknown}
 l - 3 potions of attraction {unknown}
 m - 2 potions of brilliance {unknown}
 r - a potion of mutation {unknown}
 t - a potion of resistance {unknown}


   Skills:
 - Level 2.1 Fighting
 - Level 2.9(3.2) Short Blades
 - Level 1.5(2.3) Long Blades
 + Level 4.0 Dodging
 - Level 6.0 Stealth
 - Level 2.0 Spellcasting
 - Level 4.4 Hexes
 - Level 2.2 Ice Magic


You had 4 spell levels left.
You knew the following spells:

 Your Spells              Type           Power      Damage    Failure   Level
a - Ensorcelled Hibernat  Hex/Ice        28%        N/A       7%          2
b - Confusing Touch       Hex            18%        N/A       9%          3

Your spell library contained the following spells:

 Spells                   Type           Power      Damage    Failure   Level
 Tukima's Dance           Hex            18%        N/A       9%          3
 Apportation              Tloc           2%         N/A       17%         1
 Necrotise                Necr           4%         1d4       17%         1
 Summon Small Mammal      Summ           4%         N/A       17%         1
 Dazzling Flash           Conj/Hex       20%        N/A       21%         3
 Static Discharge         Conj/Air       1%         3-4/arc   26%         2
 Animate Dead             Necr           1%         N/A       86%         4
 Borgnjor's Vile Clutch   Necr/Erth      0%         N/A       99%         5
 Lightning Bolt           Conj/Air       0%         1d11      99%         5
 Death Channel            Necr           0%         N/A       100%        6
 Maxwell's Capacitive Co  Air            0%         ∞         100%        8


Dungeon Overview and Level Annotations

Branches:
Dungeon (4/15)
 Temple: D:4-7

Altars:
Ashenzari
Nemelex Xobeh
Ru
Sif Muna

Shops:
D:3 (   D:4 *

Annotations:
D:4 Edmund


Innate Abilities, Weirdness & Mutations

You do not regenerate when monsters are visible.
You are frail without blood (-20% HP).
You can heal yourself when you bite living creatures.
You are immune to poison.
You have razor-sharp teeth.
You have supernaturally acute eyesight. (SInv)
You are afflicted with vampirism and can become a bat while bloodless.


Message History

Sif Muna accepts your kill.
No target in view!
There is an entrance to Weginges's Assorted Antiques here.
Found 4 stones.
You see here 4 stones.
A goblin comes into view. It is wielding a +0 dagger.
A goblin is nearby!
The goblin shouts!
You hit the goblin. You freeze the goblin.
You kill the goblin!
Sif Muna accepts your kill.
f - 7 potions of curing (gained 1)
You now have 211 gold pieces (gained 14).
You see here a +0 dagger.
You see here a +0 dagger.
You see here a +0 dagger.
There is a stone staircase leading up here.
As you read the scroll labelled ASSAIG VEOT, it crumbles to dust.
The scroll dissolves into smoke.
It was a scroll of fog.
Okay, then.
Casting: Ensorcelled Hibernation (safe; 7% risk of failure)
Confirm with . or Enter, or press ? or * to list all spells.
Aiming: Ensorcelled Hibernation (safe; 7% risk of failure)
Press: ? - help, Shift-Dir - straight line, f - Edmund
Aim: Edmund, wielding a +1 flail of holy wrath and wearing a +0 scale mail (black smoke, chance to affect: 48%) Edmund looks drowsy...
The helpless Edmund fails to defend himself.
You bite Edmund, and draw his blood! You impale Edmund!! You freeze Edmund.
Edmund is heavily wounded.
Edmund hits you with a +1 flail of holy wrath.
You convulse!
Edmund attacks as you move away!
Edmund hits you with a +1 flail of holy wrath!
You convulse!
* * * LOW HITPOINT WARNING * * *
As you read the scroll labelled FUVULI IRODYK, it crumbles to dust.
It is a scroll of identify.
d - a scroll of immolation Edmund hits you with a +1 flail of holy wrath.
You die...

...)#.....#####.#.....##..#.._..#
........## #........##.#.....#
##.....## #..###...##.#######
#......## #8## ##..##........
#.###...######.#####..##..#####.
#.. ###..##.8.∩.8.#......## # #.#
##....§§§§§§§....@.## # #.
##...§§8§§§§##..#..#####. ..#
#....§§@@§###.###..@)..@ ...
##....§#§§§§##.# ##..###.
...######......#§§§§#.## #.## #
...............##§§....####.#
#......#.......#...##..##..#
##..#####........#####..#..###..
##..## #........# ##.........
##..####.......### ##........
##(.###.....#...#####.###..##


You could see Edmund.

Vanquished Creatures
  A jelly (D:4)
  An iguana (D:3)
  2 orc wizards (D:3)
  Terence (D:2)
  5 gnolls
  5 adders (D:3)
  5 worms
  3 dart slugs
  9 orcs
  7 bats
  3 endoplasms
  6 giant cockroaches
  6 goblins
  6 hobgoblins
  5 jackals
  5 kobolds
  7 ball pythons
  5 frilled lizards
  4 rats
86 creatures vanquished.

Notes
Turn   | Place    | Note
-------+----------+-------------------------------------------
     0 | D:1      | Draugr the Vampire Enchanter began the quest for the Orb.
     0 | D:1      | Reached XP level 1. HP: 13/13 MP: 3/3
   159 | D:1      | Reached skill level 1 in Long Blades
   159 | D:1      | Reached XP level 2. HP: 15/15 MP: 5/5
   162 | D:1      | Learned a level 2 spell: Ensorcelled Hibernation
   344 | D:1      | Reached skill level 5 in Stealth
   615 | D:1      | Gained mutation: You are afflicted with vampirism and can
                  | become a bat while bloodless. [Vampire growth]
   615 | D:1      | Reached XP level 3. HP: 12/19 MP: 1/6
  1260 | D:2      | Found a faded altar of an unknown god.
  1269 | D:2      | Reached skill level 1 in Ice Magic
  1331 | D:2      | Identified the +0 short sword "Beetlebane" {freeze, MP+9
                  | Str+7 Stlth-}
  1660 | D:2      | Noticed Terence
  2002 | D:2      | Killed Terence
  2003 | D:2      | Reached XP level 4. HP: 21/24 MP: 7/7
  2211 | D:2      | Identified the +7 whip of Egomania {antimagic, rElec Str+3}
  2216 | D:2      | Found a broken altar of Ashenzari.
  2523 | D:2      | Reached skill level 1 in Fighting
  2974 | D:3      | Reached XP level 5. HP: 30/30 MP: 7/8
  3107 | D:3      | Found Ruyv's Antique Weapon Shop.
  3157 | D:3      | Found a sparkling altar of Nemelex Xobeh.
  3433 | D:3      | Reached skill level 6 in Stealth
  3819 | D:3      | Found a sacrificial altar of Ru.
  3926 | D:4      | Noticed Edmund
  3974 | D:4      | Found a shimmering blue altar of Sif Muna.
  3982 | D:4      | Became a worshipper of Sif Muna the Loreminder
  4114 | D:3      | Reached XP level 6. HP: 35/35 MP: 9/9
  4274 | D:4      | Found Weginges's Assorted Antiques.
  4421 | D:4      | Learned a level 3 spell: Confusing Touch
  4622 | D:4      | Slain by Edmund

Illustrated notes

Levels and vault maps discovered:
D:1:      evilmike_arrival_hilbert_curve, layout_basic
D:2:      minmay_spotlight, layout_basic, basic_altar, basic_ecumenical_altar,
          uniq_terence
D:3:      layout_loops_ring, nicolae_ru_path_of_blood,
          mainiacjoe_overflow_paths, serial_shops, shop,
          hangedman_decor_riveting
D:4:      layout_layer_cave, nicolae_sif_muna_little_library,
          gammafunk_temple_overflow_pools, serial_shops,
          nicolae_shop_statue_plus, uniq_edmund

Skill      XL: |  1  2  3  4  5  6 |
---------------+-------------------+-----
Long Blades    | 1 |  1.5
Stealth        | 5 6 |  6.0
Ice Magic      | 2 |  2.2
Fighting       | 2 |  2.1
Short Blades   | 2 |  2.9
Dodging        | 3 4 |  4.0
Spellcasting   | |  2.0
Hexes          | |  4.4

Action                   |  1- 3 |  4- 6 || total
-------------------------+-------+-------++-------
Melee: Dagger            |    56 |       ||    56
       Bite              |     3 |     4 ||     7
       Short sword       |     7 |    94 ||   101
 Cast: Ensorcelled Hiber |    13 |    33 ||    46
 Abil: Exsanguinate      |     1 |       ||     1
  Use: Potion            |     2 |     1 ||     3
       Scroll            |       |     3 ||     3
 Stab: Sleeping          |    17 |    39 ||    56
       Distracted        |       |     2 ||     2
Armor: Robe              |    12 |    28 ||    40
Dodge: Dodged            |    26 |    57 ||    83
